 Dungeon Crawl Stone Soup version 0.28.0-53-g5a82cb258f (webtiles) character file.

Game seed: 12735236558725096458

243 pkoi the Chiller (level 5, 0/38 HPs)
             Began as a Demigod Ice Elementalist on June 6, 2022.
             Slain by an elf zombie (6 damage)
             ... in an ossuary.
             The game lasted 00:06:50 (5663 turns).

pkoi the Chiller (Demigod Ice Elementalist)         Turns: 5663, Time: 00:06:51

Health: 0/38       AC: 16    Str:  9    XL:     5   Next: 52%
Magic:  4/10       EV: 12    Int: 21    God:
Gold:   115        SH:  0    Dex: 14    Spells: 4/8 levels left

rFire   . . .      SeeInvis .   o - +7 staff of the Meek {protect, meekguard}
rCold   . . .      Faith    .   (shield currently unavailable)
rNeg    . . .      Spirit   .   a - +0 robe
rPois   .          Reflect  .   (no helmet)
rElec   .          Harm     .   (no cloak)
rCorr   .          Rampage  .   (no gloves)
Will    .....                   (no boots)
Stlth   ++........              (no amulet)
HPRegen 0.12/turn               (no ring)
MPRegen 0.12/turn               (no ring)

@: marked, under a protective aura, freezing walls
A: high MP 1, forlorn, divine attributes
a: no special abilities


You were in an ossuary.
You visited 1 branch of the dungeon, and saw 4 of its levels.
You also visited: Ossuary.

You collected 115 gold pieces.

Inventory:

Hand Weapons
 c - a +0 dagger
 f - a +2 dagger of venom
 g - a +0 whip
 k - a +0 short sword
 m - a +2 dagger of protection
 o - the +7 staff of the Meek (weapon) {protect, meekguard}
   (You found it on level 3 of the Dungeon)

   It grants its wielder temporary protection when it strikes (+7 to AC).
   It provides extra protection to wielders with little health.
Missiles
 i - 83 arrows
Armour
 a - a +0 robe (worn)
Wands
 p - a wand of acid (13)
Scrolls
 d - a scroll of fog
 l - 2 scrolls of identify
Potions
 b - a potion of might {unknown}
 e - 2 potions of curing {unknown}
 h - a potion of heal wounds
 j - a potion of invisibility
 n - a potion of brilliance {unknown}
 q - 2 potions of mutation {unknown}
 r - a potion of cancellation {unknown}


   Skills:
 + Level 2.6 Bows
 - Level 1.7 Dodging
 - Level 1.7 Stealth
 - Level 2.0 Spellcasting
 + Level 5.7 Ice Magic


You had 4 spell levels left.
You knew the following spells:

 Your Spells              Type           Power      Damage    Failure   Level
a - Freeze                Ice            100%       1d11      1%          1
b - Frozen Ramparts       Ice            52%        1d7       4%          3

Your spell library contained the following spells:

 Spells                   Type           Power      Damage    Failure   Level
 Ozocubu's Armour         Ice            26%        N/A       4%          3
 Ensorcelled Hibernation  Hex/Ice        28%        N/A       7%          2
 Sting                    Tmut/Pois      8%         1d3       14%         1
 Passwall                 Tmut/Erth      1%         N/A       22%         2
 Poisonous Vapours        Pois/Air       4%         N/A       22%         2
 Swiftness                Air            2%         N/A       41%         3
 Hailstorm                Conj/Ice       14%        3d5       41%         4
 Cause Fear               Hex            1%         N/A       82%         4
 Olgreb's Toxic Radiance  Pois           2%         N/A       82%         4
 Conjure Ball Lightning   Conj/Air       1%         3x3d6     100%        6
 Dragon Form              Tmut           1%         N/A       100%        7
 Discord                  Hex            1%         N/A       100%        8
 Disjunction              Tloc           1%         N/A       100%        8
 Dragon's Call            Summ           1%         N/A       100%        9


Dungeon Overview and Level Annotations

Branches:
Dungeon (4/15)            Ossuary (1/1)
 Temple: D:4-7

Shops:
D:1 *   D:3 *


Innate Abilities, Weirdness & Mutations

You have an increased reservoir of magic. (+10% MP)
You shall have no god before yourself.
Your divine heritage dramatically boosts your attributes as you level up.


Message History

The human zombie resists.
The wall freezes the human zombie.
The human zombie hits you but does no damage.
You sock the hobgoblin zombie!
You destroy the hobgoblin zombie!
The elf zombie completely resists.
The wall freezes the elf zombie but does no damage.
The human zombie completely resists.
The wall freezes the human zombie but does no damage.
The human zombie hits you.
* * * LOW HITPOINT WARNING * * *
You sock the human zombie!
The human zombie is almost destroyed.
The elf zombie resists.
The wall freezes the elf zombie.
The elf zombie completely misses you.
The human zombie completely resists.
The wall freezes the human zombie but does no damage.
The human zombie hits you but does no damage.
Unknown command.
Unknown command.
You barely miss the elf zombie.
The elf zombie is severely damaged.
The human zombie resists.
The wall freezes the human zombie.
The human zombie hits you.
* * * LOW HITPOINT WARNING * * *
The elf zombie resists.
The wall freezes the elf zombie.
The elf zombie hits you but does no damage.
You thump the elf zombie!
The elf zombie is almost destroyed.
The human zombie resists.
The wall freezes the human zombie.
The human zombie hits you but does no damage.
The elf zombie completely resists.
The wall freezes the elf zombie but does no damage.
The elf zombie misses you.
You hit the elf zombie.
The elf zombie is almost destroyed.
The human zombie completely resists.
The wall freezes the human zombie but does no damage.
The human zombie hits you but does no damage.
The elf zombie resists.
The wall freezes the elf zombie.
The elf zombie hits you.
You die...

######################
#.....Z...∩∩.........#
#.....Z@.............#
#...##############...#
#...# #...# #.ZZ#
#...# #...#
#...####+.... #...#
#...#.....∩.# #...#
#...#.......# #...#
#.MZ#.......# #...#
#...#.......####.#...#


You could see an elf zombie and a human zombie.

Vanquished Creatures
  2 orc priests (D:3)
  3 mummies
  3 adders (D:2)
  2 worms (D:2)
  4 dart slugs
  8 orcs (D:3)
  4 ball pythons
  5 bats
  9 endoplasms
  2 giant cockroaches (D:1)
  5 goblins
  5 hobgoblins
  6 jackals
  5 kobolds
  4 quokkas
  2 frilled lizards (D:1)
  8 hobgoblin zombies (Ossuary)
  2 jackal zombies (Ossuary)
  11 kobold zombies (Ossuary)
  7 orc zombies (Ossuary)
  6 rats
  A rat zombie (Ossuary)
104 creatures vanquished.

Vanquished Creatures (others)
  An adder (D:2)
  25 plants (D:3)
26 creatures vanquished.

Grand Total: 130 creatures vanquished

Notes
Turn   | Place    | Note
-------+----------+-------------------------------------------
     0 | D:1      | pkoi the Demigod Ice Elementalist began the quest for the
                  | Orb.
     0 | D:1      | Reached XP level 1. HP: 14/14 MP: 5/5
   332 | D:1      | Reached skill level 4 in Ice Magic
   783 | D:1      | Reached XP level 2. HP: 9/20 MP: 4/7
  1672 | D:1      | Found Dehushro's Assorted Antiques.
  1752 | D:2      | Reached XP level 3. HP: 20/26 MP: 4/8
  2731 | D:1      | Learned a level 3 spell: Frozen Ramparts
  2972 | D:2      | Reached skill level 5 in Ice Magic
  3006 | D:2      | Reached XP level 4. HP: 30/33 MP: 6/9
  3505 | D:3      | Reached skill level 1 in Bows
  3873 | D:3      | Found Solinnu's General Store.
  4631 | D:3      | Reached XP level 5. HP: 37/38 MP: 6/10
  4887 | D:3      | Found the +7 staff of the Meek {protect, meekguard}
  5381 | D:4      | Found a sand-covered staircase.
  5455 | Ossuary  | Entered an ossuary
  5663 | Ossuary  | Slain by an elf zombie

Illustrated notes

Levels and vault maps discovered:
D:1:      minmay_arrival_widening_spiral_wide, layout_loops_ring, serial_shops,
          nicolae_shop_trees, minmay_tetromino_s4
D:2:      layout_rooms, basic_ecumenical_altar, serial_bayou_ford_a,
          minmay_misc_feat_diagonals, grunt_ministairs_11, lemuel_old_faithful
D:3:      wad_woods_pond, layout_loops_corners, serial_shops,
          nicolae_shop_temple_entry_statues_fountains, pf_guarded_unrand_meek
D:4:      layout_cave_pods, gup_ossuary_entry_pyramid
Ossuary:  ossuary_tomb_1

Skill      XL: |  1  2  3  4 |
---------------+-------------+-----
Ice Magic      | 4 5 |  5.7
Spellcasting   | 2 |  2.0
Bows           | 2 |  2.6
Dodging        | |  1.7
Stealth        | |  1.7

Action                   |  1- 3 |  4- 6 || total
-------------------------+-------+-------++-------
Melee: Unarmed           |     2 |       ||     2
       Dagger            |    14 |    20 ||    34
       Quarterstaff      |       |    87 ||    87
 Cast: Freeze            |    70 |    28 ||    98
       Frozen Ramparts   |       |     7 ||     7
  Use: Scroll            |       |     6 ||     6
 Stab: Sleeping          |     1 |     3 ||     4
Armor: Robe              |     9 |    55 ||    64
Dodge: Dodged            |    48 |    82 ||   130
